AoeStats
← NuMa | JuanMan

Arabia

508903937Analyzed
3v3 RM · 8d ago on Sep 24, 2026· 28m 39s· 6 players
Game mode
Random Map
Map size
Normal (6 player)
Population
200
Speed
Normal
Resources
Standard
Victory
Conquest
Starting age
Dark Age
Ending age
Imperial Age
RankedLock teamsTeams togetherTeam positionsShared explorationLock speedFull tech treeHidden civsTurbo modeCheats
Victory
Defeat
🇨🇴 Persians · Colombia
1327
+11
🇨🇴 Ethiopians · Colombia
1230
+15
🇨🇴 Varangians · Colombia
1230
+15
🇨🇳 Franks · China
1237
-15
🇦🇷 Magyars · Argentina
1210
-14
🇫🇷 Vietnamese · France
1182
-12
Agus Talleres 2
6:29 Loom
9:07 Feudal Age
10:16 Double-Bit Axe
23:03 Castle Age
24:48 Scale Barding Armor
25:28 Bloodlines
KissMyAxe
9:33 Feudal Age
10:53 Loom
16:23 Double-Bit Axe
17:42 Fletching
23:00 Castle Age
21:24 Gold Mining
23:07 Crossbowman
24:24 Padded Archer Armor
25:00 Bow Saw
25:27 Bodkin Arrow
27:32 Ballistics
种田使我快乐
5:30 Loom
11:31 Feudal Age
23:39 Double-Bit Axe
28:16 Castle Age
27:26 Fletching
27:49 Forging
28:11 Gold Mining
Camo
6:44 Loom
9:10 Feudal Age
9:37 Man-at-Arms
11:33 Double-Bit Axe
14:35 Wheelbarrow
22:38 Castle Age
21:11 Horse Collar
21:26 Arson
21:34 Fletching
22:09 Padded Archer Armor
22:38 Gold Mining
23:33 Scale Mail Armor
23:11 Elite Skirmisher
23:55 Squires
24:22 Gambesons
25:17 Bodkin Arrow
26:29 Chain Mail Armor
26:39 Bow Saw
[COL] Sagros
7:15 Loom
9:24 Feudal Age
10:24 Double-Bit Axe
11:04 Horse Collar
17:21 Scale Barding Armor
18:11 Forging
19:32 Wheelbarrow
23:08 Castle Age
24:11 Iron Casting
22:58 Light Cavalry
23:49 Bloodlines
23:40 Husbandry
25:09 Bow Saw
26:36 Chain Barding Armor
NuMa | JuanMan
6:54 Loom
9:09 Feudal Age
9:19 Man-at-Arms
12:35 Double-Bit Axe
15:54 Fletching
18:00 Arson
25:05 Castle Age
23:34 Padded Archer Armor
25:56 Bodkin Arrow
25:23 Crossbowman
26:09 Thumb Ring
28:29 Leather Archer Armor
28:10 Gold Mining
29:13 Ballistics
Connection lost

Rejoining the realm…

Still unreachable

The connection could not be restored.

Session expired

The server has moved on; the page needs a fresh start.